 Dungeon Crawl Stone Soup version 0.29-a0-121-g8efb068a30 (webtiles) character file.

Game seed: 17473917944584083674

2681 drugrobin the Grasshopper (level 9, -3/100 HPs)
             Began as a Demigod Warper on Feb 20, 2022.
             Killed by vampiric draining
             ... invoked by a vampire
              (14 damage)
             ... in a bailey.
             The game lasted 00:33:39 (8058 turns).

drugrobin the Grasshopper (Demigod Warper)          Turns: 8058, Time: 00:33:39

Health: -3/100     AC: 24    Str: 24    XL:     9   Next: 15%
Magic:  3/16       EV:  2    Int: 15    God:
Gold:   500        SH:  0    Dex: 13    Spells: 1/13 levels left

rFire   . . .      SeeInvis .   a - +5 halberd
rCold   . . .      Faith    .   (shield currently unavailable)
rNeg    . . .      Spirit   .   (armour currently unavailable)
rPois   +          Reflect  .   (helmet currently unavailable)
rElec   .          Harm     .   (cloak currently unavailable)
rCorr   .          Rampage  .   (gloves currently unavailable)
Will    .....      NoTele   +   (boots currently unavailable)
Stlth   ++........              (no amulet)
HPRegen 0.26/turn               (no ring)
MPRegen 0.15/turn               (no ring)

@: brilliant, tree-form (expiring), attractive
A: stationary, stasis, torment immunity, boosted hp, high MP 1, forlorn, divine
attributes
a: no special abilities


You were in a bailey.
You were a tree.
You visited 1 branch of the dungeon, and saw 7 of its levels.
You also visited: Ossuary and Bailey.

You collected 500 gold pieces.

Inventory:

Hand Weapons
 a - a +5 halberd (weapon)
 b - a +0 hunting sling
 c - a +6 short sword of venom
 H - a +0 glaive
Missiles
 d - 5 boomerangs of dispersal
 e - 94 sling bullets
 f - 233 stones (quivered)
Armour
 g - a +1 pair of boots (melded)
 s - a +1 leather armour of poison resistance
 y - the +1 pair of gloves "Tinif" (melded) {rC+ Will+ Regen+ Str+4}
   (You found it on level 4 of the Dungeon)

   Str:       It affects your strength (+4).
   rC:        It protects you from cold.
   Regen:     It increases your rate of health regeneration.
   Will:      It increases your willpower.
 B - a +0 buckler
 J - +1 shadow dragon scales
 K - a +0 leather armour of fire resistance
 L - the +2 ring mail "Pyiseutz" (melded) {rPois rC+ Int+2}
   (You found it in a bailey)

   Int:       It affects your intelligence (+2).
   rC:        It protects you from cold.
   rPois:     It protects you from poison.
Magical Staves
 n - a staff of death
Wands
 w - a wand of flame (23)
Scrolls
 h - 2 scrolls of teleportation
 i - a scroll of enchant armour
 k - 2 scrolls of fear
 l - 2 scrolls of blinking
 q - 2 scrolls of magic mapping
 r - 2 scrolls of enchant weapon {unknown}
 u - a scroll of vulnerability {unknown}
 v - a scroll of amnesia {unknown}
 F - a scroll of immolation {unknown}
 I - a scroll of brand weapon {unknown}
Potions
 j - 2 potions of heal wounds
 m - 3 potions of degeneration
 o - 4 potions of magic
 p - 3 potions of invisibility
 t - a potion of brilliance
 x - 6 potions of curing
 z - a potion of lignification
 A - 4 potions of attraction
 C - 2 potions of haste {unknown}
 E - a potion of berserk rage {unknown}


   Skills:
 - Level 1.7 Fighting
 + Level 7.0 Polearms
 - Level 0.8 Throwing
 - Level 0.8 Armour
 - Level 1.7 Dodging
 - Level 3.0 Stealth
 + Level 2.5 Spellcasting
 + Level 5.1 Conjurations
 + Level 7.4 Translocations
 - Level 1.5 Evocations


You had one spell level left.
You knew the following spells:

 Your Spells              Type           Power      Damage    Failure   Level
a - Blink                 Tloc           72%        N/A       1%          2
b - Teleport Other        Tloc           36%        N/A       3%          3
c - Dazzling Flash        Conj/Hex       28%        N/A       22%         3
d - Iskenderun's Mystic   Conj/Tloc      31%        2d8       16%         4

Your spell library contained the following spells:

 Spells                   Type           Power      Damage    Failure   Level
 Gell's Gravitas          Tloc           36%        N/A       3%          3
 Lesser Beckoning         Tloc           36%        N/A       3%          3
 Manifold Assault         Tloc           36%        N/A       28%         5
 Cause Fear               Hex            1%         N/A       91%         4
 Starburst                Conj/Fire      7%         6d4       100%        6
 Dragon Form              Tmut           1%         N/A       100%        7
 Dragon's Call            Summ           1%         N/A       100%        9


Dungeon Overview and Level Annotations

Branches:
Dungeon (7/15)             Temple (0/1) D:7         Ossuary (visited)
 Bailey (1/1)

Shops:
D:1 (


Innate Abilities, Weirdness & Mutations

You are a tree.
Your roots penetrate the ground, keeping you stationary.
You cannot be teleported.
You are immune to unholy pain and torment.
Your maximum health is greatly increased.
Your equipment is partially melded.
You have an increased reservoir of magic. (+10% MP)
You shall have no god before yourself.
Your divine heritage dramatically boosts your attributes as you level up.


Message History

The vampire hits you with a +1 vampiric glaive!
* * * LOW HITPOINT WARNING * * *
The vampire bites you but does no damage.
Unknown command.
Unknown command.
Unknown command.
You hit the vampire but do no damage.
The vampire is heavily damaged.
The vampire hits you with a +1 vampiric glaive.
* * * LOW HITPOINT WARNING * * *
The vampire draws strength from your wounds!
The vampire bites you but does no damage.
Unknown command.
Unknown command.
Unknown command.
Unknown command.
You feel much better.
The vampire hits you but does no damage.
The vampire bites you but does no damage.
Unknown command.
Unknown command.
You puncture the vampire!
The vampire is almost destroyed.
The vampire draws life force from you!!
* * * LOW HITPOINT WARNING * * *
The vampire is healed by the life force!
Unknown command.
Unknown command.
You puncture the vampire!
The vampire is severely damaged.
Your transformation is almost over.
The vampire hits you but does no damage.
The vampire bites you.
* * * LOW HITPOINT WARNING * * *
The vampire draws strength from your injuries!
Unknown command.
You closely miss the vampire.
The vampire is severely damaged.
The vampire draws life force from you!
You die...

###### ##8...##
##......## #...##♣.8#
#..####V.#
#.V####..##########
#...##...#.......8#
##...V..##.......8#
##....##...#######
###''##...##....8#
#.........#).....# ###
#8........V).....#.b..


You could see a vampire.

Vanquished Creatures
  2 water moccasins (D:7)
  A black bear (D:5)
  3 orc warriors (D:5)
  2 centaurs
  2 necrophages
  A phantom (D:6)
  A wyvern zombie (D:7)
  A scorpion (D:5)
  4 water moccasin zombies (Ossuary)
  A water moccasin skeleton (D:5)
  7 wolf zombies (Bailey)
  5 wights
  A howler monkey (D:5)
  2 bullfrog zombies
  4 hounds
  An orc priest (D:5)
  2 centaur skeletons
  3 iguanas
  5 orc wizards
  A hound zombie (D:5)
  A hound skeleton (D:5)
  2 mummies (Ossuary)
  4 gnolls (D:3)
  6 adders
  A shadow imp (D:7)
  A white imp (D:7)
  5 adder zombies (Ossuary)
  A worm (D:2)
  A dart slug (D:3)
  28 orcs
  4 ball pythons
  6 endoplasms
  A giant cockroach (D:3)
  5 gnoll zombies (Ossuary)
  9 goblins
  7 hobgoblins
  5 jackals
  5 kobolds
  3 quokkas
  4 bats
  3 frilled lizards
  7 hobgoblin zombies (Ossuary)
  2 kobold zombies (Ossuary)
  16 orc zombies
  3 rats
179 creatures vanquished.

Notes
Turn   | Place    | Note
-------+----------+-------------------------------------------
     0 | D:1      | drugrobin the Demigod Warper began the quest for the Orb.
     0 | D:1      | Reached XP level 1. HP: 17/17 MP: 5/5
   575 | D:1      | Found Sakin's Weapon Boutique.
   731 | D:1      | Reached XP level 2. HP: 23/24 MP: 7/7
  1223 | D:2      | Learned a level 2 spell: Blink
  1390 | D:2      | You fall into a shaft and drop 2 floors!
  1534 | D:4      | Noticed an orc warrior
  1817 | D:3      | Reached XP level 3. HP: 20/29 MP: 8/8
  1864 | D:3      | Learned a level 3 spell: Teleport Other
  2616 | D:3      | Reached skill level 1 in Stealth
  2622 | D:3      | Reached XP level 4. HP: 23/36 MP: 9/9
  3687 | D:4      | Reached XP level 5. HP: 36/41 MP: 10/10
  3728 | D:4      | Noticed an ice beast
  4232 | D:4      | Identified the +1 pair of gloves "Tinif" {rC+ Will+ Regen+
                  | Str+4}
  4373 | D:4      | Noticed a necrophage
  4399 | D:4      | Killed a necrophage
  4400 | D:4      | Reached XP level 6. HP: 48/48 MP: 6/11
  4895 | D:5      | Entered Level 5 of the Dungeon
  5187 | D:6      | Reached skill level 5 in Translocations
  5192 | D:6      | Learned a level 3 spell: Dazzling Flash
  5280 | D:5      | Reached skill level 1 in Conjurations
  5280 | D:5      | Reached XP level 7. HP: 10/53 MP: 8/12
  5715 | D:5      | Reached skill level 5 in Polearms
  5731 | D:5      | Found a runed translucent door.
  6331 | D:5      | Reached XP level 8. HP: 15/60 MP: 13/13
  6629 | D:6      | Reached skill level 1 in Evocations
  7112 | D:7      | Found a sand-covered staircase.
  7117 | Ossuary  | Entered an ossuary
  7330 | D:7      | Reached XP level 9. HP: 53/67 MP: 13/15
  7354 | D:7      | Found a flagged portal.
  7377 | Bailey   | Entered a bailey
  7491 | Bailey   | Reached skill level 5 in Conjurations
  7503 | Bailey   | Learned a level 4 spell: Iskenderun's Mystic Blast
  7628 | Bailey   | Noticed a gargoyle
  7687 | Bailey   | Identified the +2 ring mail "Pyiseutz" {rPois rC+ Int+2}
  8058 | Bailey   | Killed from afar by a vampire

Illustrated notes

Levels and vault maps discovered:
D:1:      wander_arrival_abandoned_jail, layout_loops_cross, serial_shops,
          nicolae_shop_bloodbath_and_beyond, minmay_misc_feat_x
D:2:      layout_loops_ring, chequers_ecumenical_altar_simple_redux
D:3:      layout_loops_ring, overflow_temple_1_default, fedhas_altar_4
D:4:      layout_gridville
D:5:      layout_loops_ring, nicolae_ru_path_of_blood,
          minmay_overflow_temple_star_quad, lightli_church_of_beogh
D:6:      layout_cave_pools, mainiacjoe_overflow_alcove_1,
          nicolae_uskayaw_suspiria
D:7:      layout_basic, minmay_temple_entry_purple_smoke,
          nicolae_ossuary_entry_ruins, enter_bailey_3, uniq_duvessa
Bailey:   bailey_polearm_vampire_castle_hellmonk, bailey

Skill      XL: |  1  2  3  4  5  6  7  8  9 |
---------------+----------------------------+-----
Polearms       | 2 3 4 5 6 7 |  7.0
Translocations | 3 4 5 6 7 |  7.4
Stealth        | 1 2 3 |  3.0
Conjurations   | 1 3 4 5 |  5.1
Evocations     | 1 |  1.5
Spellcasting   | 2 |  2.5
Fighting       | |  1.7
Throwing       | |  0.8
Armour         | |  0.8
Dodging        | |  1.7

Action                   |  1- 3 |  4- 6 |  7- 9 || total
-------------------------+-------+-------+-------++-------
Melee: Spear             |    28 |    81 |       ||   109
       Mace              |    78 |    85 |    49 ||   212
       Punch             |     2 |     2 |       ||     4
       Trident           |       |    35 |    57 ||    92
       Hunting sling     |       |     1 |       ||     1
       Short sword       |       |       |    47 ||    47
       Halberd           |       |       |   223 ||   223
 Fire: Hunting sling     |       |    21 |    30 ||    51
Throw: Stone             |     6 |    10 |     5 ||    21
       Throwing net      |       |       |     1 ||     1
 Cast: Blink             |     1 |    12 |     8 ||    21
       Teleport Other    |       |     7 |    12 ||    19
       Iskenderun's Myst |       |       |    11 ||    11
Evoke: Wand              |       |     2 |     5 ||     7
  Use: Scroll            |     5 |       |     4 ||     9
       Potion            |       |       |     5 ||     5
 Stab: Sleeping          |     1 |     1 |     4 ||     6
       Held in net/web   |       |       |     1 ||     1
       Distracted        |       |       |     1 ||     1
Armor: Leather armour    |    53 |   129 |   157 ||   339
       Skin              |       |       |    17 ||    17
       Ring mail         |       |       |     7 ||     7
Dodge: Dodged            |    54 |   138 |   249 ||   441
Block: Buckler           |       |    19 |    13 ||    32

Table legend: (Time is in decaauts)
 A = Elapsed time spent in this place.
 B = Non-inter-level travel time spent in this place.
 C = Inter-level travel time spent in this place.
 D = Time resting spent in this place.
 E = Time spent auto-exploring this place.
 F = Levels seen in this place.
 G = Mean time per level.
                   A        B        C        D        E       F      G
               +--------+--------+--------+--------+--------+-----+--------+
         Total |   8177 |   7799 |    378 |    845 |   4162 |   9 |  908.6 |
       Dungeon |   7292 |   6914 |    378 |    739 |   4045 |   7 | 1041.7 |
       Ossuary |    193 |    193 |      0 |      0 |      0 |   1 |  193.0 |
        Bailey |    691 |    691 |      0 |    106 |    117 |   1 |  691.0 |
               +--------+--------+--------+--------+--------+-----+--------+

Top non-repeatable levels by time:
     D:5: 1565 daAuts
     D:3: 1492 daAuts
     D:4: 1307 daAuts
     D:1: 1078 daAuts
     D:2: 1060 daAuts
  Bailey: 691 daAuts
     D:6: 591 daAuts
     D:7: 197 daAuts
 Ossuary: 193 daAuts
